 Dungeon Crawl Stone Soup version 0.24-a0-307-gf989941d98 (webtiles) character file.

Game seed: 6684843543226179570

127 Esekla the Magician (level 5, 0/34 HPs)
             Began as an Octopode Wizard on May 13, 2019.
             Slain by Crazy Yiuf
             ... wielding a +3 quarterstaff of chaos
              (1 damage)
             ... on level 2 of the Dungeon.
             The game lasted 00:12:26 (2061 turns).

Esekla the Magician (Octopode Wizard)               Turns: 2061, Time: 00:12:28

Health: 0/34       AC:  1    Str:  8    XL:     5   Next: 11%
Magic:  9/9        EV: 13    Int: 20    God:
Gold:   55         SH:  0    Dex: 10    Spells: 4/10 levels left

rFire    . . .     SeeInvis .   e - +0 short sword
rCold    . . .     Gourm    .   (no shield)
rNeg     . . .     Faith    .   a - +0 hat
rPois    .         Spirit   .   (no amulet)
rElec    .         Reflect  .   (no ring)
rCorr    .         Harm     .   (no ring)
MR       .....                  (no ring)
Stlth    +++.......             (no ring)
HPRegen  0.11/turn              (no ring)
MPRegen  0.11/turn              (no ring)
                                (no ring)
                                (no ring)

@: lethally poisoned (0 -> -3)
A: almost no armour, stealthy swim, amphibious, 8 rings, constrict 8, camouflage
1, gelatinous body 1
a: no special abilities


You were on level 2 of the Dungeon.
You were not hungry.

You visited 1 branch of the dungeon, and saw 2 of its levels.

You collected 55 gold pieces.

Inventory:

Hand Weapons
 e - a +0 short sword (weapon)
Armour
 a - a +0 hat (worn)
Wands
 j - a wand of polymorph (9)
Scrolls
 d - a scroll of teleportation {unknown}
 f - 2 scrolls of identify {unknown}
 h - a scroll of remove curse {unknown}
 k - a scroll of magic mapping {unknown}
Potions
 g - a potion of curing {unknown}
 i - a potion of might {unknown}
Comestibles
 c - 4 rations


   Skills:
 * Level 1.9 Fighting
 * Level 2.2 Short Blades
 + Level 2.8 Dodging
 - Level 2.6 Stealth
 - Level 3.0 Spellcasting
 + Level 1.6 Conjurations
   Level 1.0 Summonings
 + Level 1.0 Translocations
 * Level 1.0 Air Magic
 * Level 1.6 Poison Magic


You had 4 spell levels left.
You knew the following spells:

 Your Spells              Type           Power        Failure   Level  Hunger
a - Magic Dart            Conj           #...         7%          1    None
b - Blink                 Tloc           N/A          14%         2    ##.....
c - Mephitic Cloud        Conj/Pois/Air  #.......     24%         3    ###....

Your spell library contained the following spells:

 Spells                   Type           Power        Failure   Level  Hunger
 Call Imp                 Summ           #.......     14%         2    ##.....
 Slow                     Hex            #.......     22%         2    ##.....
 Conjure Flame            Conj/Fire      #.......     30%         3    ###....


Dungeon Overview and Level Annotations

Branches:
Dungeon (2/15)

Altars:
Ashenzari
Xom

Annotations:
D:2 Crazy Yiuf


Innate Abilities, Weirdness & Mutations

You cannot wear most types of armour.
You are very stealthy in the water. (Stealth+)
You are amphibious.
You can wear up to eight rings at the same time.
You can use your tentacles to constrict eight enemies at once.
Your skin changes colour to match your surroundings (Stealth+).
Your rubbery body absorbs attacks. (AC +1, EV +1)


Message History

You release your grip on Crazy Yiuf.
* * * LOW HITPOINT WARNING * * *
You feel sick.
Crazy Yiuf waves his quarterstaff at you.
It was a potion of heal wounds.
You feel much better.
Crazy Yiuf hits you with a +3 quarterstaff of chaos.
You hit Crazy Yiuf. Your grab misses Crazy Yiuf.
Crazy Yiuf is lightly wounded.
Crazy Yiuf barely misses you.
You closely miss Crazy Yiuf. Your grab misses Crazy Yiuf.
Crazy Yiuf is lightly wounded.
You feel sick.
Crazy Yiuf hits you with a +3 quarterstaff of chaos!
You closely miss Crazy Yiuf. You grab Crazy Yiuf.
Crazy Yiuf is lightly wounded.
You constrict Crazy Yiuf, but do no damage.
Crazy Yiuf hits you with a +3 quarterstaff of chaos!
* * * LOW HITPOINT WARNING * * *
Crazy Yiuf burns you.
You die...

### ♣♣#### #)..#♣♣ ♣♣...)########
#...'g♣♣♣♣..)...#.....#
#...#♣@.♣...).........# ###
♣♣♣.♣....###......
♣♣♣♣♣#########.. #########
###.......
........################.'.......
....................#.#.##......#
........#####.#.#.......##......#
........#...#...#.#.#.####......#
#.......#.#.#.....#.#'######+####


You could see Crazy Yiuf.

Vanquished Creatures
  Robin (D:2)
  6 adders (D:2)
  A worm (D:2)
  2 dart slugs (D:1)
  A leopard gecko (D:1)
  5 giant cockroaches
  12 goblins (D:2)
  9 hobgoblins
  2 bats (D:2)
  4 frilled lizards
  7 kobolds
  4 rats
54 creatures vanquished.

Vanquished Creatures (others)
  7 toadstools (D:1)
7 creatures vanquished.

Grand Total: 61 creatures vanquished

Notes
Turn   | Place    | Note
-------+----------+-------------------------------------------
     0 | D:1      | Esekla the Octopode Wizard began the quest for the Orb.
     0 | D:1      | Reached XP level 1. HP: 11/11 MP: 4/4
   416 | D:1      | Reached XP level 2. HP: 10/18 MP: 6/6
   420 | D:1      | Learned a level 2 spell: Blink
   581 | D:1      | Reached skill level 1 in Fighting
   814 | D:1      | Reached XP level 3. HP: 18/23 MP: 5/7
   831 | D:1      | Learned a level 3 spell: Mephitic Cloud
  1130 | D:2      | Reached skill level 1 in Short Blades
  1141 | D:2      | Found a shattered altar of Ashenzari.
  1149 | D:2      | Reached skill level 1 in Poison Magic
  1149 | D:2      | Reached XP level 4. HP: 26/29 MP: 1/8
  1700 | D:2      | Found a shimmering altar of Xom.
  1740 | D:2      | Noticed Robin
  1770 | D:2      | Killed Robin
  1771 | D:2      | Reached XP level 5. HP: 24/34 MP: 3/9
  1962 | D:2      | Reached skill level 1 in Air Magic
  2050 | D:2      | Found a runed translucent door.
  2051 | D:2      | Noticed Crazy Yiuf
  2061 | D:2      | HP: 1/34 [Crazy Yiuf/+3 quarterstaff of chaos (13)]
  2061 | D:2      | Slain by Crazy Yiuf

Levels and vault maps discovered:
D:1:      nagdon_arrival_double_spiral, layout_basic
D:2:      layout_basic, marbit_many_paths, evilmike_ruin_ashenzari,
          dk_vineyard_1, uniq_robin, uniq_crazy_yiuf_cottage

Skill      XL: |  1  2  3  4  5 |
---------------+----------------+-----
Fighting       | 1 |  1.9
Short Blades   | 1 2 |  2.2
Poison Magic   | 1 |  1.6
Air Magic      | 1 |  1.0
Dodging        | |  2.8
Stealth        | |  2.6
Spellcasting   | |  3.0
Conjurations   | |  1.6
Summonings     | |  1.0
Translocations | |  1.0

Action                   |  1- 3 |  4- 6 || total
-------------------------+-------+-------++-------
Melee: Short sword       |    56 |    56 ||   112
       Constrict         |    13 |    19 ||    32
       Tentacles         |     3 |     8 ||    11
 Cast: Magic Dart        |    26 |    15 ||    41
       Mephitic Cloud    |       |     1 ||     1
  Use: Potion            |       |     1 ||     1
 Stab: Sleeping          |     6 |     3 ||     9
  Eat: Ration            |     1 |       ||     1
Armor: Skin              |     1 |     2 ||     3
Dodge: Dodged            |    21 |    18 ||    39

Table legend:
 A = Non-vault XP
 B = Vault XP
 C = Vault XP percentage of total XP
 D = Non-vault monster count
 E = Vault monster count
 F = Vault count percentage of total count
                 A         B        C        D         E       F
            +---------+---------+-------+---------+---------+-------
      Total |     143 |      39 |  21.4 |      41 |      13 |  24.1
            +---------+---------+-------+---------+---------+-------
        D:1 |      36 |       0 |   0.0 |      18 |       0 |   0.0
        D:2 |     107 |      39 |  26.7 |      23 |      13 |  36.1
            +---------+---------+-------+---------+---------+-------
